 Dungeon Crawl Stone Soup version 0.30-a0-365-ge7f957f1db (webtiles) character file.

Game seed: 11062706749465231248

3798 qeuew the Grappler (level 9, -1/89 HPs)
             Began as a Troll Berserker on Nov 16, 2022.
             Was an Elder of Trog.
             Slain by a two-headed ogre
             ... wielding a +0 giant club
              (31 damage)
             ... on level 8 of the Dungeon.
             The game lasted 00:08:24 (4962 turns).

qeuew the Grappler (Troll Berserker)                Turns: 4962, Time: 00:08:24

Health: -1/89      AC:  4    Str: 33    XL:     9   Next: 96%
Magic:  8/8        EV: 16    Int:  3    God:    Trog [****..]
Gold:   376        SH:  0    Dex: 13    Spells: 8/8 levels left

rFire   . . .      SeeInvis .      - Unarmed
rCold   . . .      Faith    .    (no shield)
rNeg    . . .      Spirit   .    a - +0 animal skin
rPois   .          Reflect  .    (helmet restricted)
rElec   .          Harm     .    (no cloak)
rCorr   .          Rampage  .    (gloves unavailable)
Will    ++...                    (boots unavailable)
Stlth   +.........               (no amulet)
HPRegen 2.14/turn                t - +6 ring of strength
MPRegen 0.11/turn                h - +4 ring of evasion

@: about to teleport, strong-willed, on berserk cooldown, regenerating, slowed,
very slow
A: large, unfitting armour, claws 3, regeneration 1, shaggy fur 1, tough skin 1,
talons 1
a: Renounce Religion, Berserk, Trog's Hand, Brothers in Arms


You were on level 8 of the Dungeon.
You worshipped Trog.
Trog was greatly pleased with you.
You visited 1 branch of the dungeon, and saw 8 of its levels.

You collected 376 gold pieces.

Inventory:

Armour
 a - a +0 animal skin (worn)
Jewellery
 g - a ring of protection from fire
 h - a +4 ring of evasion (right claw)
 q - a +4 ring of protection
 t - a +6 ring of strength (left claw)
 u - a +4 ring of protection
Wands
 i - a wand of flame (12)
 s - a wand of charming (8)
Scrolls
 b - a scroll of fog
 c - 4 scrolls of enchant weapon
 k - a scroll of blinking
 l - 3 scrolls of identify
 n - 3 scrolls of teleportation
 o - a scroll of poison
 p - 2 scrolls of fear
Potions
 d - 5 potions of curing
 e - 2 potions of heal wounds
 f - 2 potions of attraction
 j - a potion of might
 m - a potion of brilliance
 r - a potion of resistance
 v - a potion of cancellation
 w - a potion of haste {unknown}


   Skills:
 + Level 5.9 Fighting
 + Level 5.9 Dodging
 * Level 9.7 Unarmed Combat
 + Level 4.4 Evocations


You had 8 spell levels left.
You didn't know any spells.
Your spell library was empty.

Dungeon Overview and Level Annotations

Branches:
Dungeon (8/15)             Temple (0/1) D:4
   Lair: D:8-11

Altars:
Gozag
Makhleb
Nemelex Xobeh
Okawaru
Ru
Sif Muna
Xom
Yredelemnul

Shops:
D:3 (   D:6 [


Innate Abilities, Weirdness & Mutations

You are too large for most types of armour.
You have claws for hands.
Your natural rate of healing is unusually fast.
You are covered in fur. (AC +1)
You have tough skin. (AC +1)
You have sharp toenails.


Message History

You mangle the manticore!! Your kick misses the manticore.
The manticore is almost dead.
A nearby plant withers and dies.
The bullfrog hits you but does no damage.
The manticore barely misses you. x2; The manticore claws you.
You closely miss the manticore. You claw the manticore.
You kill the manticore!
Trog accepts your kill. The bullfrog hits you.
Unknown command.
You barely miss the bullfrog. The bullfrog hits you.
You mangle the bullfrog!!
You kill the bullfrog!
Trog accepts your kill. The bullfrog misses you.
You mangle the wyvern!! You claw the wyvern.
You kill the wyvern!
Trog accepts your kill.
You are no longer berserk.
You are exhausted.
You feel yourself slow down. The bullfrog closely misses you.
You completely miss the two-headed ogre.
You claw the two-headed ogre, but do no damage.
The bullfrog barely misses you.
The two-headed ogre closely misses you. x2
The bullfrog hits you but does no damage.
You scratch the two-headed ogre but do no damage.
Your kick misses the two-headed ogre. The bullfrog barely misses you.
The two-headed ogre hits you with a +0 giant club.
The two-headed ogre hits you with a +0 giant club!!
The bullfrog closely misses you.
You barely miss the two-headed ogre. You claw the two-headed ogre.
The two-headed ogre is lightly wounded.
The bullfrog hits you. The bullfrog barely misses you.
The two-headed ogre hits you with a +0 giant club!
The two-headed ogre misses you.
As you read the scroll of teleportation, it crumbles to dust.
You feel strangely unstable. The bullfrog closely misses you. x2
The two-headed ogre hits you with a +0 giant club!
The two-headed ogre hits you with a +0 giant club!!
You die... #........ ###.### #........ ###.....### #...####. .........#♣ #........ ().zY.$=.. #...)###. .Sgo{{. #.).)....
FC.)

#...).... ########O######
#.##.#### #......[@F....♣
#......##
#♣..♣♣♣♣.♣..♣♣.♣#........
#.♣..♣♣♣.♣ ..♣ #........
#♣♣♣..♣♣.♣ ..♣ #.......#
♣♣..♣.♣♣ ..♣#.......#
######...#######.#####.#
........).........# #.#
...#######...#.#### #..
#.....# ###


You could see a two-headed ogre, a cyclops, a water moccasin, an ice beast, a
gnoll sergeant, 2 bullfrogs, a wight and an orc priest.

Vanquished Creatures
  A manticore (D:8)
  Maggie (D:6)
  Grinder (D:6)
  Sigmund (D:5)
  A wyvern (D:8)
  A steam dragon (D:8)
  2 water moccasins
  An ice beast (D:7)
  2 black bears (D:5)
  A phantom (D:5)
  2 kobold brigands
  A necrophage (D:5)
  3 bullfrogs
  A gnoll sergeant (D:6)
  4 scorpions
  5 wights (D:7)
  4 killer bees
  2 jellies
  A hound (D:5)
  2 orc priests (D:7)
  A gnoll bouda (D:6)
  Terence (D:2)
  4 iguanas
  7 orc wizards
  Robin (D:2)
  3 adders
  8 gnolls
  A shadow imp (D:7)
  A white imp (D:6)
  An ufetubus (D:7)
  2 worms
  2 dart slugs (D:5)
  35 orcs
  7 ball pythons
  11 endoplasms
  3 giant cockroaches
  21 goblins
  3 hobgoblins
  2 jackals
  22 kobolds
  3 quokkas
  4 bats
  5 frilled lizards
  3 rats (D:1)
188 creatures vanquished.

Vanquished Creatures (others)
  An orc (D:8)
  8 plants (D:8)
9 creatures vanquished.

Grand Total: 197 creatures vanquished

Notes
Turn   | Place    | Note
-------+----------+-------------------------------------------
     0 | D:1      | qeuew the Troll Berserker began the quest for the Orb.
     0 | D:1      | Reached XP level 1. HP: 22/22 MP: 0/0
    79 | D:1      | Reached XP level 2. HP: 25/29 MP: 1/1
   153 | D:1      | Reached ** piety under Trog
   231 | D:1      | Reached XP level 3. HP: 36/36 MP: 2/2
   438 | D:2      | Noticed Terence
   445 | D:2      | Killed Terence
   446 | D:2      | Reached skill level 4 in Unarmed Combat
   629 | D:2      | Reached XP level 4. HP: 41/44 MP: 3/3
   723 | D:2      | Noticed Robin
   739 | D:2      | Killed Robin
   786 | D:2      | Found a basalt altar of Yredelemnul.
  1033 | D:2      | Gained mutation: You have sharp toenails. [potion of
                  | mutation]
  1121 | D:3      | Found Railur's Antique Weapon Shop.
  1284 | D:3      | Found a shimmering altar of Xom.
  1568 | D:3      | Found a shimmering blue altar of Sif Muna.
  1611 | D:3      | Found a sparkling altar of Nemelex Xobeh.
  1616 | D:3      | Reached *** piety under Trog
  1880 | D:4      | Reached XP level 5. HP: 37/53 MP: 4/4
  1959 | D:4      | Found a staircase to the Ecumenical Temple.
  1984 | D:4      | Reached skill level 5 in Unarmed Combat
  1984 | D:4      | Reached skill level 1 in Evocations
  1984 | D:4      | Reached XP level 6. HP: 47/61 MP: 5/5
  2234 | D:4      | Identified the +9 rapier of Rauc {flame, rN+ Will+ Str+3
                  | SInv}
  2630 | D:5      | Entered Level 5 of the Dungeon
  2633 | D:5      | Noticed a water moccasin
  2643 | D:5      | Killed a water moccasin
  2771 | D:5      | Found an opulent altar of Gozag.
  2809 | D:5      | Found a large runed translucent door.
  2809 | D:5      | Found a large runed translucent door.
  2816 | D:5      | Found the +2 ratskin cloak {*Rats rPois rN+ Str-1 Int-1
                  | Dex+1}
  2819 | D:5      | Noticed Sigmund
  2822 | D:5      | Reached XP level 7. HP: 68/68 MP: 6/6
  2827 | D:5      | Killed Sigmund
  2828 | D:5      | Reached skill level 6 in Unarmed Combat
  3097 | D:5      | Reached XP level 8. HP: 49/78 MP: 7/7
  3112 | D:5      | Reached skill level 7 in Unarmed Combat
  3314 | D:5      | Found an iron altar of Okawaru.
  3329 | D:5      | Found a sacrificial altar of Ru.
  3369 | D:6      | Found Kurrog's Antique Armour Shoppe.
  3464 | D:6      | Noticed Grinder
  3478 | D:6      | Paralysed by Grinder for 3 turns
  3485 | D:6      | Killed Grinder
  3485 | D:6      | Reached **** piety under Trog
  3534 | D:6      | Noticed Maggie
  3546 | D:6      | Killed Maggie
  3547 | D:6      | Reached skill level 5 in Fighting
  3547 | D:6      | Reached skill level 5 in Dodging
  3547 | D:6      | Reached skill level 8 in Unarmed Combat
  3565 | D:6      | Reached XP level 9. HP: 88/88 MP: 8/8
  4168 | D:7      | Found a burning altar of Makhleb.
  4497 | D:7      | Reached skill level 9 in Unarmed Combat
  4943 | D:8      | Noticed a two-headed ogre
  4945 | D:8      | Noticed a manticore
  4951 | D:8      | Noticed a cyclops
  4955 | D:8      | Killed a manticore
  4962 | D:8      | Slain by a two-headed ogre

Illustrated notes

Levels and vault maps discovered:
D:1:      dpeg_arrival_tiny_k, layout_basic, minmay_three_crescents
D:2:      layout_loops_ring, basic_altar, minmay_misc_feat_doors,
          kennysheep_generic_room_13, uniq_terence, uniq_robin
D:3:      layout_basic, xom_butterflies, nemelex_dance_club_becter,
          nicolae_sif_muna_little_library, serial_glass, glass_columns_a,
          glass_columns_a, glass_columns_a, glass_columns_c, glass_columns_a,
          glass_columns_b, serial_shops, shop, st_stairs_8
D:4:      layout_basic, minmay_temple_entry_from_below_a
D:5:      minmay_chambers_of_threes, layout_rooms, lemuel_doored_altar,
          jmf_multi_god_temple2, uniq_sigmund
D:6:      layout_rooms, serial_shops, shop_fountains, uniq_maggie, uniq_grinder
D:7:      layout_basic, mainiacjoe_overflow_boulevard
D:8:      nzn_winding_woodlands_small [nzn_winding_woodlands_5x15_sawtooth,
          nzn_winding_woodlands_center_garden,
          nzn_winding_woodlands_5x15_pockets], layout_loops_cross, jiyva_altar_1

Skill      XL: |  1  2  3  4  5  6  7  8  9 |
---------------+----------------------------+-----
Unarmed Combat | 4 5 6 8 9 |  9.7
Dodging        | 3 4 5 |  5.9
Fighting       | 3 4 5 |  5.9
Evocations     | 1 2 3 4 |  4.4

Action                   |  1- 3 |  4- 6 |  7- 9 || total
-------------------------+-------+-------+-------++-------
Melee: Unarmed           |    80 |   126 |   239 ||   445
       Punch             |     1 |     4 |    11 ||    16
       Kick              |       |    17 |    47 ||    64
Invok: Trog's Hand       |       |     2 |     4 ||     6
       Berserk           |       |     2 |     3 ||     5
  Use: Scroll            |     4 |     4 |     5 ||    13
       Potion            |     1 |     5 |       ||     6
 Stab: Sleeping          |       |     1 |       ||     1
       Distracted        |       |     1 |       ||     1
Armor: Animal skin       |    41 |    25 |    41 ||   107
Dodge: Dodged            |    43 |    75 |   228 ||   346

Table legend: (Time is in decaauts)
 A = Elapsed time spent in this place.
 B = Non-inter-level travel time spent in this place.
 C = Inter-level travel time spent in this place.
 D = Time resting spent in this place.
 E = Time spent auto-exploring this place.
 F = Levels seen in this place.
 G = Mean time per level.
                   A        B        C        D        E       F      G
               +--------+--------+--------+--------+--------+-----+--------+
         Total |   4936 |   4654 |    282 |      0 |   3702 |   8 |  617.0 |
       Dungeon |   4936 |   4654 |    282 |      0 |   3702 |   8 |  617.0 |
               +--------+--------+--------+--------+--------+-----+--------+

Top non-repeatable levels by time:
     D:7: 910 daAuts
     D:4: 800 daAuts
     D:3: 759 daAuts
     D:5: 742 daAuts
     D:2: 657 daAuts
     D:6: 537 daAuts
     D:1: 403 daAuts
     D:8: 124 daAuts
